 Dungeon Crawl Stone Soup version 0.21-a0-401-g0b6bec4 (webtiles) character file.

214 Moloch the Magician (level 5, -1/35 HPs)
             Began as a Demonspawn Wizard on Oct 23, 2017.
             Killed by divine providence
             ... invoked by an orc priest
              (8 damage)
             ... on level 3 of the Dungeon.
             The game lasted 00:10:52 (4113 turns).

Moloch the Magician (Demonspawn Wizard)             Turns: 4113, Time: 00:10:54

Health: -1/35      AC:  3    Str:  7    XL:     5   Next: 60%
Magic:  7/11       EV: 12    Int: 20    God:
Gold:   267        SH:  4    Dex: 12    Spells: 2/13 levels left

rFire    + . .     SeeInvis .   x - +2 quarterstaff (chaos)
rCold    + . .     Gourm    .   (shield currently unavailable)
rNeg     . . .     Faith    .   a - +0 robe
rPois    +         Spirit   .   y - +0 helmet
rElec    .         Reflect  +   m - scarf {rC+ rF+}
rCorr    +         Harm     .   (no gloves)
MR       .....                  (no boots)
Stlth    ++........             k - +4 amulet of reflection
HPRegen  0.11/turn              e - ring of resist corrosion
MPRegen  0.12/turn              j - ring of poison resistance

@: very slightly contaminated
A: claws 1
a: no special abilities


You were on level 3 of the Dungeon.
You were hungry.

You visited 1 branch of the dungeon, and saw 4 of its levels.

You collected 267 gold pieces.

Inventory:

Hand Weapons
 x - a +2 quarterstaff of chaos (weapon)
Armour
 a - a +0 robe (worn)
 m - a scarf of resistance (worn)
 y - a +0 helmet (worn)
Jewellery
 e - a ring of resist corrosion (left claw)
 j - a ring of poison resistance (right claw)
 k - a +4 amulet of reflection (around neck)
Scrolls
 b - a scroll of fear {unknown}
 l - a scroll of enchant weapon {unknown}
 p - 2 scrolls of fog {unknown}
 u - a scroll of recharging {unknown}
 v - 2 scrolls of identify {unknown}
 w - a scroll of teleportation {unknown}
Potions
 f - 2 potions of lignification {unknown}
 g - a potion of haste {unknown}
 h - a potion of agility
 i - a potion of flight {unknown}
 r - a potion of berserk rage {unknown}
 s - 3 potions of curing {unknown}
 z - a potion of heal wounds {unknown}
 B - a potion of brilliance {unknown}
Books
 c - a book of Minor Magic

   Spells                             Type                      Level
   a - Magic Dart                     Conjuration                  1
   b - Blink                          Translocation                2
   c - Call Imp                       Summoning                    2
   d - Slow                           Hexes                        2
   e - Conjure Flame                  Conjuration/Fire             3
   f - Mephitic Cloud                 Conjuration/Poison/Air       3
Comestibles
 d - 4 bread rations
 o - a meat ration
 q - a fruit
 t - 3 royal jellies


   Skills:
 - Level 2.1 Dodging
 - Level 2.0 Stealth
 + Level 4.5 Spellcasting
 * Level 3.7 Conjurations
 - Level 1.0 Summonings
 - Level 0.8 Translocations


You had 2 spell levels left.
You knew the following spells:

 Your Spells              Type           Power        Failure   Level  Hunger
a - Magic Dart            Conj           ###.         2%          1    None
b - Blink                 Tloc           N/A          13%         2    #......
c - Call Imp              Summ           #.......     12%         2    #......
d - Mephitic Cloud        Conj/Pois/Air  #.......     22%         3    ##.....
e - Conjure Flame         Conj/Fire      ##......     17%         3    ##.....


Dungeon Overview and Level Annotations

Branches:
Dungeon (4/15)
 Temple: D:4-7

Altars:
Kikubaaqudgha
Nemelex Xobeh
Uskayaw
Xom


Innate Abilities, Weirdness & Mutations

You have sharp fingernails.


Message History

Pain shoots through your body!
* * * LOW HITPOINT WARNING * * *
You climb upwards.
There is a stone staircase leading down here.
Blink to where?
Press: ? - help, Dir - move target cursor
As you read the scroll labeled XUETZI SUHOES, it crumbles to dust.
It was a scroll of blinking.
The orc priest miscasts a cantrip.
Casting: Mephitic Cloud
Confirm with . or Enter, or press ? or * to list all spells.
Aiming: Conjure Flame
Press: ? - help, Dir - move target cursor The fire ignites!
There is an open door here.
You close the door.
An orc priest opens the door.
The orc priest mumbles some strange prayers to Beogh against you.
Beogh smites you!
You die...

.....# ##.#
#.....# #...#
###### #.# #.o...#
#.### #.# #.....#
####.# #.# #.....#
#....# #.# #.....#
#.#### ## ###
#.....###.# ##_##
##...#....# ##
8...8## #...#.####
##
.....#####@..#.# #
....._#.#......# #
%....##.#..##### #
8...8##....# #
##_# #....#
##############...#
#..........# ##..#
...........# #..#
######
#...(......## #..#
#....#


You could see an orc priest.

Vanquished Creatures
  An orc priest (D:3)
  Crazy Yiuf (D:2)
  Robin (D:3)
  3 adders
  An ooze (D:3)
  A worm (D:3)
  A dart slug (D:1)
  3 leopard geckos (D:3)
  8 orcs
  3 ball pythons
  5 giant cockroaches
  17 goblins
  7 hobgoblins
  5 jackals
  10 kobolds
  7 bats
  3 frilled lizards
  4 rats
  A fungus (D:2)
82 creatures vanquished.

Vanquished Creatures (collateral kills)
  An adder (D:2)
  A worm (D:2)
2 creatures vanquished.

Vanquished Creatures (others)
  A goblin (D:3)
1 creature vanquished.

Grand Total: 85 creatures vanquished

Notes
Turn   | Place    | Note
-------+----------+-------------------------------------------
     0 | D:1      | Moloch the Demonspawn Wizard began the quest for the Orb.
     0 | D:1      | Reached XP level 1. HP: 13/13 MP: 4/4
   594 | D:1      | Gained mutation: You have sharp fingernails. [demonic ancestry]
   594 | D:1      | Reached XP level 2. HP: 19/19 MP: 1/6
   994 | D:1      | Learned a level 2 spell: Blink
   997 | D:1      | Learned a level 2 spell: Call Imp
  1449 | D:2      | Reached XP level 3. HP: 1/24 MP: 0/8
  2250 | D:2      | Found a hide-covered altar of Uskayaw.
  2486 | D:2      | Reached XP level 4. HP: 30/30 MP: 1/9
  2548 | D:2      | Found a runed door.
  2662 | D:2      | Learned a level 3 spell: Mephitic Cloud
  2662 | D:2      | Noticed Crazy Yiuf
  2678 | D:2      | Killed Crazy Yiuf
  2678 | D:2      | Reached skill level 4 in Spellcasting
  2780 | D:3      | Noticed Robin
  2998 | D:3      | Killed Robin
  2998 | D:3      | Reached XP level 5. HP: 35/35 MP: 4/11
  3461 | D:3      | Learned a level 3 spell: Conjure Flame
  3553 | D:3      | Found an ancient bone altar of Kikubaaqudgha.
  3555 | D:3      | Found a shimmering altar of Xom.
  3558 | D:3      | Found a sparkling altar of Nemelex Xobeh.
  4113 | D:3      | Killed from afar by an orc priest

Vault maps used:
D:1:      dpeg_arrival_morbid_curiosity, grunt_decor_one_mirror
D:2:      eat_drink_and_be_merry_uskayaw, small_statue_intersection,
          grunt_ministairs_6, minmay_gold_behind_fungi, uniq_crazy_yiuf_cottage
D:3:      nicolae_overflow_hidden_temple, uniq_robin
D:4:      gammafunk_temple_overflow_elements, chequers_big_river,
          nicolae_tso_carved_into_rock, uniq_ijyb

Skill      XL: |  1  2  3  4 |
---------------+-------------+-----
Dodging        | 2 |  2.1
Stealth        | 2 |  2.0
Conjurations   | 2 3 |  3.7
Spellcasting   | 4 |  4.5
Summonings     | |  1.0
Translocations | |  0.8

Action                   |  1- 3 |  4- 6 || total
-------------------------+-------+-------++-------
Melee: Dagger            |    21 |    11 ||    32
       Quarterstaff      |       |    82 ||    82
 Cast: Magic Dart        |   101 |    21 ||   122
       Call Imp          |     3 |       ||     3
       Mephitic Cloud    |       |     9 ||     9
       Conjure Flame     |       |     1 ||     1
  Use: Potion            |     1 |       ||     1
       Scroll            |       |     1 ||     1
 Stab: Sleeping          |       |     3 ||     3
       Confused          |       |     1 ||     1
  Eat: Chunk             |     3 |     5 ||     8
       Royal jelly       |     1 |       ||     1
Armor: Robe              |    12 |    13 ||    25
Dodge: Dodged            |    39 |    44 ||    83
Block: Other             |     2 |     8 ||    10
       Reflection        |     1 |     1 ||     2

Table legend:
 A = Spawn XP
 B = Non-spawn XP
 C = Spawn XP percentage of total XP
 D = Spawn monster count
 E = Non-spawn monster count
 F = Spawn count percentage of total count
 G = Total turns spent on level
                    A         B        C        D         E        F      G
               +---------+---------+-------+---------+---------+-------+---------
         Total |       0 |     307 |   0.0 |       0 |      84 |   0.0 |  4113
               +---------+---------+-------+---------+---------+-------+---------
           D:1 |       0 |      29 |   0.0 |       0 |      17 |   0.0 |  1639
           D:2 |       0 |     120 |   0.0 |       0 |      26 |   0.0 |  1456
           D:3 |       0 |     158 |   0.0 |       0 |      41 |   0.0 |  1013
               +---------+---------+-------+---------+---------+-------+---------
